 Dungeon Crawl Stone Soup version 0.19.1-1-g22dce08 (webtiles) character file.

67736 Jerry the Fencer (level 14, -9/133 HPs)
             Began as a Minotaur Berserker on Jan 18, 2017.
             Was a High Priest of Trog.
             Drowned by a drowned soul (15 damage)
             ... summoned by a merfolk avatar
             ... on level 2 of the Shoals.
             The game lasted 01:38:29 (17793 turns).

Jerry the Fencer (Minotaur Berserker)              Turns: 17793, Time: 01:38:29

Health: -9/133     AC: 17    Str: 13    XL:     14   Next: 84%
Magic:  13/13      EV: 20    Int:  6    God:    Trog [*****.]
Gold:   1173       SH:  0    Dex: 13    Spells: 0 memorised, 13 levels left

rFire  + . .     SeeInvis .     a - +3 great sword (drain)
rCold  . . .     Gourm    .     F - +1 scale mail of the Bouncing Beggars {*Contam rN+++ MR++ Str-4}
rNeg   + + +     Faith    .     (shield currently unavailable)
rPois  +         Spirit   .     (helmet restricted)
rElec  +         Reflect  .     k - +2 cloak {rPois}
rCorr  .         Harm     .     g - +0 pair of gloves
MR     +++++                    B - +0 pair of boots of the Planets {rElec MR++ Regen+ Str-5}
Stlth  ..........               S - amulet of regeneration
                                W - ring of protection from fire
                                s - +3 ring of evasion

@: no status effects
A: retaliatory headbutt, horns 2
a: Berserk, Trog's Hand, Brothers in Arms, Burn Spellbooks, Renounce Religion


You were on level 2 of the Shoals.
You worshipped Trog.
Trog was extremely pleased with you.
You were not hungry.

You visited 4 branches of the dungeon, and saw 21 of its levels.

You collected 1173 gold pieces.

Inventory:

Hand Weapons
 a - a +3 great sword of draining (weapon)
 q - a +3 antimagic falchion
 y - a +0 falchion of holy wrath
 I - a +1 scimitar of flaming
Armour
 g - a +0 pair of gloves (worn)
 k - a +2 cloak of poison resistance (worn)
 B - the +0 pair of boots of the Planets (worn) {rElec MR++ Regen+ Str-5}
   (You found it on level 4 of the Dungeon)

   It affects your strength (-5).
   It insulates you from electricity.
   It affects your resistance to hostile enchantments.
   It increases your rate of regeneration.
 F - the +1 scale mail of the Bouncing Beggars (worn) {*Contam rN+++ MR++ Str-4}
   (You found it on level 4 of the Lair of Beasts)

   It affects your strength (-4).
   It renders you almost immune to negative energy.
   It affects your resistance to hostile enchantments.
   It causes magical contamination when unequipped.
Jewellery
 s - a +3 ring of evasion (left hand)
 S - an amulet of regeneration (around neck)
 W - a ring of protection from fire (right hand)
Wands
 b - a wand of teleportation (4/9)
 i - a wand of acid (4/15)
 A - a wand of disintegration (14/24)
 X - a wand of digging (16/24)
Scrolls
 l - 4 scrolls of fear
 m - 13 scrolls of remove curse
 p - 4 scrolls of enchant armour
 v - 4 scrolls of teleportation
 x - a scroll of identify
 D - a scroll of immolation
 H - 3 scrolls of blinking
 M - 7 scrolls of fog
 N - 2 scrolls of recharging
 P - 4 scrolls of enchant weapon
 U - 2 scrolls of magic mapping
Potions
 d - 2 potions of heal wounds
 e - 2 potions of flight
 f - 2 potions of lignification {unknown}
 h - 3 potions of cancellation
 j - a potion of resistance
 n - 10 potions of curing
 u - 2 potions of berserk rage
 w - 4 potions of haste {unknown}
 C - 3 potions of mutation {unknown}
 J - a potion of invisibility {unknown}
 K - 5 potions of brilliance
 O - 3 potions of agility {unknown}
 R - a potion of ambrosia
 Z - a potion of cure mutation {unknown}
Books
 r - a book of Air

   Spells                             Type                      Level
   a - Shock                          Conjuration/Air              1
   b - Swiftness                      Charms/Air                   2
   c - Repel Missiles                 Charms/Air                   2
   d - Static Discharge               Conjuration/Air              3
   e - Lightning Bolt                 Conjuration/Air              5
   Trog disapproves of the use of such an item.
 t - a book of Changes

   Spells                             Type                      Level
   a - Beastly Appendage              Transmutation                1
   b - Sticks to Snakes               Transmutation                2
   c - Spider Form                    Transmutation/Poison         3
   d - Ice Form                       Ice/Transmutation            4
   e - Blade Hands                    Transmutation                5
   Trog disapproves of the use of such an item.
 z - a book of Geomancy

   Spells                             Type                      Level
   a - Sandblast                      Earth                        1
   b - Passwall                       Transmutation/Earth          2
   c - Stone Arrow                    Conjuration/Earth            3
   d - Petrify                        Transmutation/Earth          4
   e - Lee's Rapid Deconstruction     Earth                        5
   Trog disapproves of the use of such an item.
 V - a book of Maledictions

   Spells                             Type                      Level
   a - Corona                         Hexes                        1
   b - Ensorcelled Hibernation        Hexes/Ice                    2
   c - Confuse                        Hexes                        3
   d - Tukima's Dance                 Hexes                        3
   e - Dazzling Spray                 Conjuration/Hexes            3
   Trog disapproves of the use of such an item.
Comestibles
 c - 14 bread rations
 o - 5 meat rations
 E - 2 chunks of flesh
 G - 6 beef jerkies
 Q - 9 fruits
 Y - a royal jelly


   Skills:
 - Level 14.3 Fighting
 + Level 16.8 Long Blades
 - Level 14.2 Armour
 + Level 15.2 Dodging


You had 13 spell levels left.
You didn't know any spells.

Dungeon Overview and Level Annotations

Branches:
Dungeon (12/15)            Temple (1/1) D:7            Lair (6/6) D:8
 Shoals (2/4) Lair:4       Spider (0/4) Lair:4        Slime (0/5) Lair:5
    Orc (0/2) D:12

Altars:
Ashenzari
Cheibriados
Dithmenos
Elyvilon
Fedhas
Gozag
Hepliaklqana
Kikubaaqudgha
Makhleb
Nemelex Xobeh
Okawaru
Qazlal
Ru
Sif Muna
Trog
Uskayaw
Vehumet
Xom
Yredelemnul
Zin
The Shining One
Jiyva

Shops:
D:6 =   D:11 *

Annotations:
D:9 4 runed doors
Lair:3 exclusion: 3 oklob plants


Innate Abilities, Weirdness & Mutations

You reflexively headbutt those who attack you in melee.
You have a pair of horns on your head.


Message History

The drowned soul drowns you!
* * * LOW HITPOINT WARNING * * *
The merfolk avatar chants a haunting song.
You resist with almost no effort.
You hit the merfolk avatar.
The merfolk avatar is lightly wounded.
The drowned soul returns to the deep!
The merfolk avatar chants a haunting song.
You resist with almost no effort.
You hit the merfolk avatar. You drain the merfolk avatar!
The merfolk avatar is lightly wounded.
The drowned soul returns to the deep!
The drowned soul touches you. The drowned soul drowns you!
* * * LOW HITPOINT WARNING * * *
The merfolk avatar chants a haunting song.
You resist with almost no effort. The drowned soul touches you.
The drowned soul drowns you!
* * * LOW HITPOINT WARNING * * *
The drowned soul touches you. The drowned soul drowns you!
You die...

#....#####..≈≈≈..# # ##
######............≈≈..# . #.#
#...#.....≈......≈≈≈...## ≈###.#
#...........≈≈≈..≈≈≈≈≈≈.##
≈....###..≈W≈......≈≈≈≈.≈≈≈≈≈≈..#
≈≈≈≈...≈..≈≈..###..≈≈≈≈..≈≈≈≈≈≈..
≈≈≈.......≈≈.## #..≈≈P≈..≈≈≈≈≈≈≈≈
≈≈≈≈≈....≈≈≈.####...≈≈≈≈≈P≈≈≈..≈≈
..≈≈≈≈≈..≈≈≈W...@..≈≈≈≈..≈≈≈≈..≈.
.....≈≈.≈≈≈≈≈..m≈≈≈≈≈≈≈?.≈≈...≈..
##......≈≈≈≈≈≈≈≈≈≈≈≈≈≈......≈≈..#
.####....≈≈≈≈≈≈≈≈≈P.≈≈...P.≈≈...#
..# #....≈≈≈≈≈≈≈≈..≈.....##....##
..# #...≈≈≈≈≈≈≈≈....PPP..#.....##
..###...≈≈≈..≈≈≈≈....P.P≈≈≈≈≈....
........≈≈...≈?.........≈P≈≈≈....
≈≈≈≈≈≈≈≈.....=.....#.≈P........#.


You could see a merfolk avatar and a drowned soul.

Vanquished Creatures
  Rupert (Lair:5)
  Gastronok (D:8)
  A merfolk impaler (Shoals:1)
  Snorg (D:10)
  The ghost of Lahna the Basher, a journeyman MiMo of Xom (Lair:2)
  Fannar (D:10)
  5 hydras
  Erica (Lair:2)
  4 catoblepae
  21 death yaks
  Sonja (Lair:3)
  3 sea snakes
  The ghost of davido123 the Cudgeler, a novice TrBe of Trog (D:7)
  A hill giant (D:11)
  Pikel (D:8)
  A cyclops (D:11)
  A faun (Shoals:1)
  A siren (Shoals:1)
  4 elephants
  4 manticores
  2 black mambas
  2 water nymphs (Shoals:1)
  A torpor snail (Lair:6)
  A centaur zombie (D:12)
  9 spiny frogs
  4 komodo dragons
  A rime drake (Lair:3)
  5 trolls
  A wind drake (Shoals:1)
  A jumping spider (Lair:4)
  2 polar bears
  2 merfolk (Shoals:1)
  2 hornets (D:8)
  3 two-headed ogres
  11 blink frogs
  6 hippogriffs
  Sigmund (D:5)
  A shadow (D:11)
  2 wraiths (D:10)
  2 wyverns
  2 water elementals
  Grum (Lair:1)
  60 yaks
  5 basilisks
  Eustachio (D:5)
  A steam dragon (D:11)
  2 hungry ghosts
  16 water moccasins
  10 porcupines
  4 orc warriors
  2 ice beasts
  6 sky beasts
  4 black bears
  An eye of draining (D:9)
  A phantom (D:11)
  6 ogres
  4 centaurs
  10 crocodiles
  8 wolves
  2 big kobolds
  13 bullfrogs
  A wyvern skeleton (D:11)
  5 scorpions
  12 killer bees
  4 wights (D:9)
  An electric eel (Lair:5)
  6 crimson imps
  3 bullfrog zombies
  8 hounds
  A quasit (D:8)
  A jelly (D:10)
  7 orc priests
  9 orc wizards
  4 bullfrog skeletons
  A centaur skeleton (D:11)
  Ijyb (D:2)
  An iguana (D:7)
  Terence (D:3)
  7 worker ants
  A killer bee zombie (D:10)
  A hound zombie (D:9)
  A mummy (D:7)
  A howler monkey zombie (D:10)
  A worker ant zombie (D:10)
  14 gnolls
  9 adders
  4 shadow imps
  A worm (D:2)
  3 dart slugs
  6 leopard geckos
  52 orcs
  A ball python (D:1)
  4 giant cockroaches
  8 goblins
  7 hobgoblins
  8 jackals
  18 kobolds
  3 quokkas
  7 bats
  7 frilled lizards
  A jackal zombie (D:7)
  10 rats
  A spectral orc (D:6)
515 creatures vanquished.

Vanquished Creatures (collateral kills)
  3 death yaks
  2 yaks (Lair:6)
5 creatures vanquished.

Vanquished Creatures (others)
  A quokka (D:9)
  4 fungi
  14 plants
19 creatures vanquished.

Grand Total: 539 creatures vanquished

Notes
Turn   | Place    | Note
-------+----------+-------------------------------------------
     0 | D:1      | Jerry the Minotaur Berserker began the quest for the Orb.
     0 | D:1      | Reached XP level 1. HP: 19/19 MP: 0/0
   152 | D:1      | Reached XP level 2. HP: 27/27 MP: 1/1
   182 | D:1      | Reached skill level 4 in Long Blades
   234 | D:1      | Reached XP level 3. HP: 29/33 MP: 2/2
   235 | D:1      | Reached ** piety under Trog
   754 | D:2      | Reached XP level 4. HP: 39/40 MP: 3/3
  1081 | D:3      | Noticed Terence
  1084 | D:3      | Killed Terence
  1160 | D:3      | Noticed Ijyb
  1181 | D:2      | Killed Ijyb
  1181 | D:2      | Reached XP level 5. HP: 43/47 MP: 4/4
  1217 | D:2      | Reached *** piety under Trog
  1217 | D:2      | Reached skill level 5 in Long Blades
  1553 | D:3      | Reached skill level 5 in Fighting
  1836 | D:4      | Reached XP level 6. HP: 56/56 MP: 5/5
  1907 | D:4      | Got a pair of twisted boots
  2636 | D:4      | Identified the +0 pair of boots of the Planets {rElec MR++ Regen+ Str-5} (You found it on level 4 of the Dungeon)
  2697 | D:5      | Entered Level 5 of the Dungeon
  2735 | D:5      | Reached **** piety under Trog
  2761 | D:5      | Found an iron altar of Okawaru.
  2859 | D:5      | Noticed Sigmund
  2871 | D:5      | Killed Sigmund
  2871 | D:5      | Reached skill level 6 in Long Blades
  2871 | D:5      | Reached XP level 7. HP: 63/63 MP: 6/6
  2949 | D:5      | Found a glowing silver altar of Zin.
  2953 | D:5      | Reached skill level 5 in Dodging
  2978 | D:5      | Reached skill level 5 in Armour
  3050 | D:5      | Noticed Eustachio
  3072 | D:5      | Killed Eustachio
  3469 | D:6      | Found a blossoming altar of Fedhas.
  3489 | D:6      | Found a shattered altar of Ashenzari.
  3565 | D:6      | Reached XP level 8. HP: 71/71 MP: 7/7
  3567 | D:6      | Reached skill level 7 in Long Blades
  3590 | D:6      | Found Fuowumuv's Jewellery Shoppe.
  3621 | D:6      | Paralysed by fainting for 11 turns
  3705 | D:6      | Found a blossoming altar of Fedhas.
  4012 | D:6      | Found a basalt altar of Yredelemnul.
  4079 | D:6      | Reached skill level 8 in Long Blades
  4141 | D:6      | Found a sacrificial altar of Ru.
  4243 | D:7      | Reached XP level 9. HP: 81/81 MP: 8/8
  4287 | D:7      | Found a staircase to the Ecumenical Temple.
  4295 | Temple   | Entered the Ecumenical Temple
  4746 | D:7      | Found a snail-covered altar of Cheibriados.
  4790 | D:7      | Noticed davido123's ghost (novice TrBe)
  4808 | D:7      | Killed davido123's ghost
  4808 | D:7      | Reached skill level 9 in Long Blades
  5245 | D:8      | Found a hide-covered altar of Uskayaw.
  5364 | D:8      | Noticed Gastronok
  5369 | D:8      | Noticed Pikel
  5383 | D:8      | Killed Gastronok
  5383 | D:8      | Reached skill level 10 in Long Blades
  5383 | D:8      | Reached XP level 10. HP: 51/93 MP: 4/9
  5391 | D:8      | Reached skill level 10 in Fighting
  5396 | D:8      | Killed Pikel
  5925 | D:8      | Found a staircase to the Lair.
  6219 | D:9      | Found a huge runed gate.
  6220 | D:9      | Found a huge runed gate.
  6221 | D:9      | Found a huge runed gate.
  6222 | D:9      | Found a huge runed gate.
  6222 | D:9      | Noticed a manticore
  6223 | D:9      | Noticed a manticore
  6294 | D:9      | Reached ***** piety under Trog
  6410 | D:9      | Reached skill level 10 in Armour
  6653 | D:9      | Reached XP level 11. HP: 101/101 MP: 10/10
  6815 | D:9      | Found a white marble altar of Elyvilon.
  6833 | D:9      | Reached skill level 11 in Long Blades
  7000 | D:10     | Entered Level 10 of the Dungeon
  7003 | D:10     | Noticed Fannar
  7025 | D:10     | Killed Fannar
  7379 | D:10     | Reached skill level 10 in Dodging
  7431 | D:10     | Noticed Snorg
  7443 | D:10     | Killed Snorg
  7772 | D:11     | Found Ponnak's General Store.
  7947 | D:11     | Noticed a hill giant
  7961 | D:11     | Killed a hill giant
  7961 | D:11     | Reached skill level 12 in Long Blades
  8193 | D:11     | Received a gift from Trog
  8611 | D:12     | Reached XP level 12. HP: 112/112 MP: 11/11
  8888 | D:12     | Got a crude ring mail
  9067 | D:12     | Found a staircase to the Orcish Mines.
  9408 | D:12     | Identified the cursed +1 ring mail of the Evening {Int+5} (You found it on level 12 of the Dungeon)
  9512 | Lair:1   | Entered Level 1 of the Lair of Beasts
  9695 | Lair:1   | Noticed a seven-headed hydra
  9812 | Lair:2   | Noticed Erica
  9832 | Lair:2   | Killed Erica
  9946 | Lair:1   | Killed a five-headed hydra
 10054 | Lair:1   | Noticed a four-headed hydra
 10055 | Lair:1   | Noticed Grum
 10057 | Lair:1   | Killed a three-headed hydra
 10073 | Lair:1   | Killed Grum
 10131 | Lair:1   | Reached skill level 13 in Long Blades
 10823 | Lair:2   | Noticed Lahna's ghost (journeyman MiMo)
 10839 | Lair:2   | Killed Lahna's ghost
 10839 | Lair:2   | Received a gift from Trog
 11393 | Lair:3   | Found a snail-covered altar of Cheibriados.
 11478 | Lair:3   | Reached XP level 13. HP: 79/122 MP: 12/12
 11977 | Lair:3   | Noticed Sonja
 12003 | Lair:3   | Killed Sonja
 12467 | Lair:4   | Found a staircase to the Shoals.
 12675 | Lair:4   | Found a hole to the Spider Nest.
 12751 | Lair:4   | Reached skill level 14 in Long Blades
 12788 | Lair:4   | Received a gift from Trog
 12827 | Lair:4   | Got an encrusted scale mail
 12861 | Lair:4   | Identified the +1 scale mail of the Bouncing Beggars {*Contam rN+++ MR++ Str-4} (You found it on level 4 of the Lair of Beasts)
 13818 | Lair:5   | Found a viscous altar of Jiyva.
 13818 | Lair:5   | Found a staircase to the Slime Pits.
 13847 | Lair:5   | Noticed Rupert
 13880 | Lair:5   | Killed Rupert
 14706 | Lair:6   | Entered Level 6 of the Lair of Beasts
 14776 | Lair:6   | Received a gift from Trog
 14902 | Lair:6   | Reached XP level 14. HP: 133/133 MP: 13/13
 14991 | Lair:6   | Reached skill level 15 in Long Blades
 15635 | Lair:6   | Got a slimy lapis lazuli ring
 15638 | Lair:6   | Identified the ring "Vayc" {Ice rPois Str-5 Dex+2} (You found it on level 6 of the Lair of Beasts)
 16031 | Lair:6   | Reached skill level 16 in Long Blades
 16846 | Shoals:1 | Entered Level 1 of the Shoals
 16995 | Shoals:1 | Reached skill level 15 in Dodging
 17230 | Shoals:1 | Received a gift from Trog
 17793 | Shoals:2 | HP: 6/133 [drowned by a drowned soul[a merfolk avatar] (17)]
 17793 | Shoals:2 | Drowned by a drowned soul

Skill      XL: |  1  2  3  4  5  6  7  8  9 10 11 12 13 14 |
---------------+-------------------------------------------+-----
Long Blades    | 4 5 6 8 10 12 13 14 16 | 16.8
Armour         | 3 4 5 7 9 10 11 13 14 | 14.2
Fighting       | 4 5 6 7 9 10 12 13 14 | 14.3
Dodging        | 3 4 5 6 8 9 10 12 13 15 | 15.2

Action                   |  1- 3 |  4- 6 |  7- 9 | 10-12 | 13-15 || total
-------------------------+-------+-------+-------+-------+-------++-------
Melee: Falchion          |    69 |   187 |   356 |   693 |   140 ||  1445
       Headbutt          |    12 |    31 |    70 |   210 |   207 ||   530
       Scimitar          |       |       |       |   129 |   637 ||   766
       Great sword       |       |       |       |    33 |    27 ||    60
Invok: Berserk           |       |     3 |     4 |    15 |     8 ||    30
       Trog's Hand       |       |     1 |     4 |     3 |     3 ||    11
       Brothers in Arms  |       |       |       |       |     3 ||     3
       Burn Spellbooks   |       |       |       |       |     1 ||     1
Evoke: Wand              |       |       |       |     1 |     9 ||    10
  Use: Scroll            |       |    12 |     1 |    13 |     5 ||    31
  Eat: Chunk             |       |     8 |    12 |    30 |    31 ||    81
       Pizza             |       |       |     1 |     2 |       ||     3
       Beef jerky        |       |       |       |     3 |     1 ||     4
Armor: Animal skin       |    12 |       |       |       |       ||    12
       Chain mail        |    12 |   135 |    21 |       |       ||   168
       Leather armour    |       |       |    86 |   187 |    44 ||   317
       Scale mail        |       |       |       |       |   149 ||   149
Dodge: Dodged            |    43 |   117 |   194 |   676 |   509 ||  1539
       Rpst.: Falchion   |     8 |    26 |    55 |   141 |    16 ||   246
       Scimitar          |       |       |       |    29 |   102 ||   131
       Great sword       |       |       |       |     7 |     2 ||     9
